 Dungeon Crawl Stone Soup version 0.23-a0-860-g8ff03fb (webtiles) character file.

165 Amnesiac the Cutter (level 5, -1/32 HPs)
             Began as a Tengu Fighter on Jan 28, 2019.
             Slain by an iguana (8 damage)
             ... on level 4 of the Dungeon.
             The game lasted 00:01:32 (758 turns).

Amnesiac the Cutter (Tengu Fighter)                  Turns: 758, Time: 00:01:33

Health: -1/32      AC:  8    Str: 17    XL:     5   Next: 46%
Magic:  6/6        EV:  7    Int:  8    God:
Gold:   28         SH:  9    Dex: 14    Spells: 4/4 levels left

rFire    . . .     SeeInvis .   a - +0 rapier
rCold    . . .     Gourm    .   c - +0 shield
rNeg     . . .     Faith    .   b - +0 scale mail
rPois    .         Spirit   .   (helmet restricted)
rElec    .         Reflect  .   (no cloak)
rCorr    .         Harm     .   k - +0 pair of gloves
MR       .....                  (boots unavailable)
Stlth    ..........             (no amulet)
HPRegen  0.10/turn              (no ring)
MPRegen  0.10/turn              (no ring)

@: no status effects
A: beak, talons 3, able to fly
a: Fly


You were on level 4 of the Dungeon.
You were not hungry.

You visited 1 branch of the dungeon, and saw 4 of its levels.

You collected 28 gold pieces.

Inventory:

Hand Weapons
 a - a +0 rapier (weapon)
 j - a +0 dagger of speed
Armour
 b - a +0 scale mail (worn)
 c - a +0 shield (worn)
 k - a +0 pair of gloves (worn)
Scrolls
 i - 2 scrolls of identify {!r, unknown}
Potions
 d - a potion of might {!q}
 e - 3 potions of haste {!q}
 h - a potion of degeneration {!q, unknown}
 l - a potion of curing {!q, unknown}
Comestibles
 f - 2 rations
 g - 4 chunks of flesh


   Skills:
 - Level 3.0 Fighting
 + Level 6.0 Short Blades
 - Level 3.2 Armour
 - Level 3.0 Shields


You had 4 spell levels left.
You didn't know any spells.
Your spell library was empty.

Dungeon Overview and Level Annotations

Branches:
Dungeon (4/15)
 Temple: D:4-7

Altars:


Innate Abilities, Weirdness & Mutations

You have a beak for a mouth.
You have claws for feet.
You can fly continuously.


Message History

The howler monkey is heavily wounded.
You block the howler monkey's attack.
You hit the howler monkey but do no damage.
The howler monkey is heavily wounded.
The howler monkey hits you but does no damage.
You closely miss the howler monkey.
The howler monkey is heavily wounded.
The howler monkey hoots and howls with incredible vigour!
You block the howler monkey's attack.
You hear a bark!
You hear an angry hiss. x2; You hear a shout!
You puncture the howler monkey!
You kill the howler monkey!
You have reached level 5!
You have gained the ability to fly.
You hear an angry hiss.
A hound comes into view.
An iguana comes into view.
The iguana hisses angrily.
The hound barely misses you.
You hit the hound. You claw the hound.
The hound is moderately wounded.
A ball python comes into view.
The hound bites you.
You puncture the hound! You peck the hound, but do no damage.
The hound is severely wounded.
The hound bites you. The hound bites you but does no damage.
You closely miss the hound. You peck the hound, but do no damage.
The hound is severely wounded.
An orc comes into view. It is wielding a +0 war axe.
The hound barely misses you.
You hit the hound but do no damage.
The hound is severely wounded.
The hound bites you but does no damage. You block the hound's attack.
You hit the hound.
You kill the hound!
Your Short Blades skill increases to level 6!
You hit the iguana but do no damage. You peck the iguana, but do no damage.
The iguana barely misses you.
Your shield and scale mail prevent you from hitting the iguana.
You claw the iguana!
The iguana is heavily wounded.
The iguana bites you!
* * * LOW HITPOINT WARNING * * *
You are too injured to fight recklessly!
You are too injured to fight recklessly!
You are too injured to fight recklessly!
You are too injured to fight recklessly!
You are too injured to fight recklessly!
You are too injured to fight recklessly!
You are too injured to fight recklessly!
You are too injured to fight recklessly!
You are too injured to fight recklessly!
You are too injured to fight recklessly!
You are too injured to fight recklessly!
You are too injured to fight recklessly!
You are too injured to fight recklessly!
You are too injured to fight recklessly!
You see here 20 stones.
Some of the chunks of flesh in your inventory have rotted away.
You see here 9 poisoned needles.
You hit the iguana. You claw the iguana.
The iguana is severely wounded.
The iguana bites you!
You die...

## #. ###.###
......# ..#####
#.....#
......S##.....#
#.######.#@....#
#.......ol.....#
#........#.#####
..######.###
########.# .#
#........# .#
#.######.# .#
#...##.######
###.###
.............#
#.....#


You could see an iguana and an orc.

Vanquished Creatures
  A howler monkey (D:4)
  A hound (D:4)
  4 gnolls (D:3)
  An adder (D:2)
  A worm (D:2)
  2 leopard geckos
  3 orcs (D:3)
  4 giant cockroaches
  5 hobgoblins
  4 jackals (D:1)
  A bat (D:1)
  3 frilled lizards
  6 goblins
  A jackal skeleton (D:4)
  3 kobolds (D:1)
  3 rats
43 creatures vanquished.

Notes
Turn   | Place    | Note
-------+----------+-------------------------------------------
     0 | D:1      | Amnesiac the Tengu Fighter began the quest for the Orb.
     0 | D:1      | Reached XP level 1. HP: 14/14 MP: 2/2
    24 | D:1      | Reached XP level 2. HP: 14/19 MP: 3/3
    29 | D:1      | Reached skill level 3 in Short Blades
   309 | D:2      | Reached XP level 3. HP: 23/23 MP: 4/4
   347 | D:2      | Reached skill level 4 in Short Blades
   502 | D:3      | Reached XP level 4. HP: 21/28 MP: 5/5
   513 | D:3      | Reached skill level 5 in Short Blades
   747 | D:4      | Gained mutation: You can fly continuously. [Tengu growth]
   747 | D:4      | Reached XP level 5. HP: 27/32 MP: 6/6
   753 | D:4      | Reached skill level 6 in Short Blades
   758 | D:4      | Slain by an iguana

Vault maps used:
D:1:      lightli_arrival_lavapool
D:2:      first_ration
D:3:      minmay_door_square
D:4:      minmay_temple_entry_statues_fountains

Skill      XL: |  1  2  3  4  5 |
---------------+----------------+-----
Short Blades   | 3 4 5 6 |  6.0
Fighting       | |  3.0
Armour         | |  3.2
Shields        | |  3.0

Action                   |  1- 3 |  4- 6 || total
-------------------------+-------+-------++-------
Melee: Rapier            |    70 |    34 ||   104
       Kick              |    16 |    13 ||    29
       Peck              |     6 |     6 ||    12
Armor: Scale mail        |    18 |    12 ||    30
Dodge: Dodged            |    20 |     9 ||    29
Block: Shield            |    32 |     9 ||    41

Table legend:
 A = Non-vault XP
 B = Vault XP
 C = Vault XP percentage of total XP
 D = Non-vault monster count
 E = Vault monster count
 F = Vault count percentage of total count
                 A         B        C        D         E       F
            +---------+---------+-------+---------+---------+-------
      Total |     236 |       0 |   0.0 |      43 |       0 |   0.0
            +---------+---------+-------+---------+---------+-------
        D:1 |      25 |       0 |   0.0 |      15 |       0 |   0.0
        D:2 |      33 |       0 |   0.0 |      11 |       0 |   0.0
        D:3 |      76 |       0 |   0.0 |      12 |       0 |   0.0
        D:4 |     102 |       0 |   0.0 |       5 |       0 |   0.0
            +---------+---------+-------+---------+---------+-------
